 Dungeon Crawl Stone Soup version 0.28-a0-1510-gd0f6b136d3 (webtiles) character file.

Game seed: 18255284631561077036

2074 horus123 the Covert (level 9, -1/47 HPs)
             Began as a Spriggan Brigand on Jan 16, 2022.
             Slain by an orc warrior (10 damage)
             ... on level 6 of the Dungeon.
             The game lasted 00:14:58 (6524 turns).

horus123 the Covert (Spriggan Brigand)              Turns: 6524, Time: 00:14:58

Health: -1/47      AC:  4    Str:  7    XL:     9   Next: 6%
Magic:  10/10      EV: 16    Int: 12    God:
Gold:   243        SH:  0    Dex: 21    Spells: 8/8 levels left

rFire   + . .      SeeInvis +   C - +0 shortbow
rCold   x . .      Faith    .   (shield currently unavailable)
rNeg    . . .      Spirit   .   b - +0 robe
rPois   .          Reflect  .   (helmet restricted)
rElec   .          Harm     .   y - +1 cloak
rCorr   .          Rampage  .   (gloves unavailable)
Will    +....                   (boots unavailable)
Stlth   ++++++....              (no amulet)
HPRegen 0.15/turn               t - ring of wizardry
MPRegen 0.12/turn               B - ring of fire

@: studying Bows, very quick
A: very small, no large weapons, unfitting armour, see invisible, speed 3
a: no special abilities


You were on level 6 of the Dungeon.
You visited 1 branch of the dungeon, and saw 6 of its levels.

You collected 243 gold pieces.

Inventory:

Hand Weapons
 a - a +3 dagger
 q - a +2 dagger of venom
 r - a +3 dagger of venom
 w - the +9 short sword of Extermination {vorpal, Stlth+}
   (You found it on level 4 of the Dungeon)

   It inflicts extra damage upon your enemies.
   Stlth:     It makes you more stealthy.
 C - a +0 shortbow (weapon)
Missiles
 v - 6 atropa-tipped darts
 D - 54 arrows (quivered ammo)
Armour
 b - a +0 robe (worn)
 c - a +0 cloak
 g - an orb of energy
 y - a +1 cloak (worn)
Jewellery
 t - a ring of wizardry (left hand)
 B - a ring of fire (right hand)
Wands
 u - a wand of polymorph (10)
 x - a wand of digging (6)
Scrolls
 k - a scroll of summoning
 l - 2 scrolls of silence
 m - 4 scrolls of teleportation
 o - a scroll of holy word
 A - a scroll of blinking {unknown}
Potions
 f - a potion of flight {unknown}
 h - 3 potions of curing
 i - a potion of degeneration {unknown}
 j - a potion of heal wounds
 n - 2 potions of lignification {unknown}
 p - a potion of magic {unknown}
 s - a potion of invisibility {unknown}
 z - a potion of might {unknown}


   Skills:
 - Level 5.2 Fighting
 - Level 6.5 Short Blades
 + Level 5.7 Bows
 - Level 2.0 Throwing
 - Level 1.3 Dodging
 - Level 13.2 Stealth


You had 8 spell levels left.
You didn't know any spells.
Your spell library was empty.

Dungeon Overview and Level Annotations

Branches:
Dungeon (6/15)
 Temple: D:4-7

Altars:
Gozag
Qazlal
Uskayaw


Innate Abilities, Weirdness & Mutations

You are very small and have problems with some larger weapons.
You are too small for most types of armour.
You have supernaturally acute eyesight. (SInv)
You cover ground extremely quickly. (Speed+++)


Message History

The orc warrior looks as sick as possible!
The orc warrior is lightly wounded.
You kill the orc!
The orc warrior closely misses you.
You throw a poisoned dart. The poisoned dart hits the orc warrior.
The orc warrior looks as sick as possible!
The orc warrior is moderately wounded.
You throw a poisoned dart. The poisoned dart hits the orc warrior.
The orc warrior looks as sick as possible!
The orc warrior is moderately wounded.
The orc priest invokes the aid of Beogh against you.
Beogh smites you!
The orc priest calls upon Beogh to heal the orc warrior.
The orc warrior is healed somewhat.
You throw a poisoned dart. The poisoned dart hits the orc warrior.
The orc warrior looks as sick as possible!
The orc warrior is lightly wounded.
You throw a poisoned dart.
The poisoned dart closely misses the orc warrior.
The poisoned dart hits the orc.
The orc is poisoned.
The orc warrior hits you from afar with a +0 trident!
You are too injured to fight recklessly!
You are too injured to fight recklessly!
Throw: dart (poison)
Press: ? - help, Q - select action, (/) - cycle Shift-Dir - straight line, f/p - orc warrior
Aim: an orc warrior, wielding a +0 trident and wearing a +0 plate armour (heavily wounded, very poisoned, 65% to hit)
You throw a poisoned dart.
The poisoned dart closely misses the orc warrior.
The poisoned dart closely misses the orc.
The orc priest mumbles some strange prayers to Beogh against you.
Beogh smites you!
* * * LOW HITPOINT WARNING * * *
C - a +0 shortbow (weapon)
Fire: 55 arrows
Press: ? - help, Q - select action, (/) - cycle Shift-Dir - straight line, f/p - orc warrior
Aim: an orc warrior, wielding a +0 trident and wearing a +0 plate armour (heavily wounded, very poisoned, 66% to hit)
You shoot an arrow. The arrow hits the orc warrior.
The orc warrior is severely wounded.
The orc warrior hits you from afar with a +0 trident!
You die...

#...............
#...............
####..########.##.
#...##########.##.
##................
#................
##########+###..##.
##.###..##..###..##.
#..@.o...o..........
#......o..((..((.(..
##..##+###...######)
#####..##...##..##.
............#..
............#..
..########..##.
#####...##..##.
#...>..#....#.


You could see an orc warrior (very poisoned), an orc priest and an orc
(poisoned).

Vanquished Creatures
  A yak (D:6)
  A necrophage (D:5)
  2 hornet zombies
  3 ogres
  2 centaurs (D:5)
  A bullfrog (D:6)
  5 scorpions
  A wyvern zombie (D:6)
  A howler monkey (D:5)
  2 jellies (D:6)
  3 hounds (D:5)
  A bullfrog skeleton (D:4)
  An orc priest (D:5)
  4 iguanas (D:5)
  Jessica (D:3)
  2 centaur skeletons
  Natasha (thrice) (D:3)
  6 orc wizards
  A killer bee zombie (D:6)
  A hound zombie (D:5)
  6 adders
  A gnoll (D:3)
  A white imp (D:5)
  An ufetubus (D:5)
  3 dart slugs (D:1)
  10 orcs
  9 endoplasms
  4 giant cockroaches
  3 goblins
  6 hobgoblins
  A jackal (D:5)
  8 kobolds
  2 quokkas (D:3)
  8 ball pythons
  6 bats
  5 frilled lizards
  3 rats
119 creatures vanquished.

Notes
Turn   | Place    | Note
-------+----------+-------------------------------------------
     0 | D:1      | horus123 the Spriggan Brigand began the quest for the Orb.
     0 | D:1      | Reached XP level 1. HP: 10/10 MP: 2/2
    16 | D:1      | Reached skill level 6 in Stealth
   377 | D:1      | Found a faded altar of an unknown god.
   406 | D:1      | Reached XP level 2. HP: 14/14 MP: 3/3
   882 | D:1      | Reached skill level 7 in Stealth
  1453 | D:2      | Reached XP level 3. HP: 18/18 MP: 4/4
  2062 | D:3      | Reached XP level 4. HP: 23/23 MP: 5/5
  2146 | D:3      | Noticed Jessica
  2157 | D:3      | Killed Jessica
  2158 | D:3      | Reached skill level 8 in Stealth
  2649 | D:3      | Noticed Natasha
  2663 | D:3      | Killed Natasha
  2664 | D:3      | Reached XP level 5. HP: 14/26 MP: 6/6
  2669 | D:3      | Reached skill level 9 in Stealth
  2817 | D:3      | Noticed Natasha
  2824 | D:3      | Killed Natasha
  2852 | D:3      | Identified the -5 buckler "Jirgh" {Harm rElec Dex-4}
  3298 | D:3      | Noticed Natasha
  3311 | D:3      | Killed Natasha
  3312 | D:3      | Reached skill level 10 in Stealth
  3986 | D:4      | Identified the +9 short sword of Extermination {vorpal,
                  | Stlth+}
  4033 | D:4      | Reached XP level 6. HP: 32/32 MP: 7/7
  4128 | D:4      | Found an opulent altar of Gozag.
  4484 | D:5      | Entered Level 5 of the Dungeon
  4538 | D:5      | Reached XP level 7. HP: 38/38 MP: 8/8
  4670 | D:5      | Reached skill level 5 in Fighting
  4802 | D:5      | Reached skill level 5 in Short Blades
  4802 | D:5      | Reached XP level 8. HP: 31/43 MP: 9/9
  5032 | D:5      | Reached skill level 11 in Stealth
  5329 | D:5      | Found a stormy altar of Qazlal.
  5329 | D:5      | Found a hide-covered altar of Uskayaw.
  5804 | D:6      | Reached skill level 12 in Stealth
  5949 | D:6      | Reached skill level 13 in Stealth
  6170 | D:6      | Reached XP level 9. HP: 27/47 MP: 10/10
  6223 | D:6      | Reached skill level 5 in Bows
  6524 | D:6      | Slain by an orc warrior

Illustrated notes

Levels and vault maps discovered:
D:1:      giann_bridges, layout_rooms, ebering_ecumenical_altar_mist,
          minmay_close_crescents
D:2:      layout_rooms, minmay_puff
D:3:      minmay_skewed_foursquare, layout_basic, kennysheep_path_1, hex_large,
          uniq_jessica, uniq_natasha
D:4:      layout_loops_ring, grunt_gozag_breadcrumbs
D:5:      layout_loops_ring, gammafunk_temple_overflow_elements,
          minmay_manual_mess
D:6:      layout_gridville, minmay_misc_feat_hallway, solitary_fountain

Skill      XL: |  1  2  3  4  5  6  7  8  9 |
---------------+----------------------------+-----
Stealth        | 6 7 8 10 13 | 13.2
Fighting       | 2 4 5 |  5.2
Short Blades   | 3 5 6 |  6.5
Bows           | 4 5 |  5.7
Throwing       | |  2.0
Dodging        | |  1.3

Action                   |  1- 3 |  4- 6 |  7- 9 || total
-------------------------+-------+-------+-------++-------
Melee: Dagger            |   104 |    80 |       ||   184
       Punch             |     3 |     2 |       ||     5
       Short sword       |       |    14 |   136 ||   150
       Unarmed           |       |     1 |       ||     1
 Fire: Shortbow          |       |       |     5 ||     5
Throw: Dart              |     3 |    10 |    18 ||    31
  Use: Scroll            |     9 |     2 |       ||    11
       Potion            |       |       |     3 ||     3
 Stab: Sleeping          |    11 |    17 |     9 ||    37
       Distracted        |       |       |     1 ||     1
Armor: Robe              |    12 |     3 |    17 ||    32
Dodge: Dodged            |    58 |    39 |    81 ||   178

Table legend: (Time is in decaauts)
 A = Elapsed time spent in this place.
 B = Non-inter-level travel time spent in this place.
 C = Inter-level travel time spent in this place.
 D = Time resting spent in this place.
 E = Time spent auto-exploring this place.
 F = Levels seen in this place.
 G = Mean time per level.
                   A        B        C        D        E       F      G
               +--------+--------+--------+--------+--------+-----+--------+
         Total |   5042 |   4904 |    138 |   1506 |   2494 |   6 |  840.3 |
       Dungeon |   5042 |   4904 |    138 |   1506 |   2494 |   6 |  840.3 |
               +--------+--------+--------+--------+--------+-----+--------+

Top non-repeatable levels by time:
     D:3: 1201 daAuts
     D:1: 1131 daAuts
     D:5: 808 daAuts
     D:6: 768 daAuts
     D:4: 597 daAuts
     D:2: 535 daAuts
